 Dungeon Crawl Stone Soup version 0.28.0-53-g5a82cb258f (webtiles) character file.

Game seed: 7229311042012097277

200 ZappyNine the Stinger (level 5, 0/28 HPs)
             Began as a Deep Elf Venom Mage on June 1, 2022.
             Slain by an adder (2 damage)
             ... on level 5 of the Dungeon.
             The game lasted 00:06:03 (3250 turns).

ZappyNine the Stinger (Deep Elf Venom Mage)         Turns: 3250, Time: 00:06:04

Health: 0/28       AC:  6    Str:  7    XL:     5   Next: 49%
Magic:  4/12       EV: 13    Int: 20    God:
Gold:   82         SH:  0    Dex: 15    Spells: 4/11 levels left

rFire   . . .      SeeInvis .   n - +2 hand axe (flame)
rCold   . . .      Faith    .   (no shield)
rNeg    . . .      Spirit   .   a - +0 robe
rPois   .          Reflect  .   b - +0 helmet
rElec   .          Harm     .   f - +0 cloak
rCorr   .          Rampage  .   c - +0 pair of gloves
Will    .....                   l - +0 pair of boots
Stlth   ++........              (no amulet)
HPRegen 0.09/turn               (no ring)
MPRegen 0.13/turn               (no ring)

@: flying
A: no striking features
a: no special abilities


You were on level 5 of the Dungeon.
You visited 1 branch of the dungeon, and saw 4 of its levels.

You collected 82 gold pieces.

Inventory:

Hand Weapons
 d - a +0 mace
 n - a +2 hand axe of flaming (weapon)
Armour
 a - a +0 robe (worn)
 b - a +0 helmet (worn)
 c - a +0 pair of gloves (worn)
 f - a +0 cloak (worn)
 l - a +0 pair of boots (worn)
Scrolls
 e - 2 scrolls of amnesia {unknown}
 g - a scroll of enchant weapon {unknown}
 i - 5 scrolls of identify {unknown}
 k - a scroll of summoning {unknown}
 m - a scroll of silence {unknown}
Potions
 h - 2 potions of flight
 j - a potion of curing


   Skills:
 - Level 3.2 Dodging
 - Level 3.2 Stealth
 - Level 3.8 Spellcasting
 - Level 2.1 Transmutations
 + Level 5.6 Poison Magic


You had 4 spell levels left.
You knew the following spells:

 Your Spells              Type           Power      Damage    Failure   Level
a - Sting                 Tmut/Pois      76%        1d6       2%          1
b - Poisonous Vapours     Pois/Air       30%        N/A       6%          2
c - Olgreb's Toxic Radia  Pois           26%        N/A       13%         4

Your spell library contained the following spells:

 Spells                   Type           Power      Damage    Failure   Level
 Mephitic Cloud           Conj/Pois/Air  11%        N/A       19%         3
 Static Discharge         Conj/Air       3%         N/A       21%         2
 Lightning Bolt           Conj/Air       1%         1d12      98%         5
 Maxwell's Capacitive Co  Air            1%         ∞         100%        8


Dungeon Overview and Level Annotations

Branches:
Dungeon (3/15)

Altars:
The Shining One

Annotations:
D:3 Grinder
D:5 1 runed translucent door, Crazy Yiuf


Message History

An adder comes into view.
The adder hisses angrily.
Casting: Poisonous Vapours (safe; 8% risk of failure)
Confirm with . or Enter, or press ? or * to list all spells.
Aiming: Sting (safe; 3% risk of failure)
Press: ? - help, Shift-Dir - straight line, f/p - ogre
Aim: an ogre, wielding a +0 giant club (severely wounded, very poisoned, 88% to hit)
The sting hits the ogre.
The ogre looks even sicker.
The ogre is severely wounded.
It was a potion of flight.
You feel very buoyant.
You fly up into the air.
The ogre closely misses you.
Unknown command.
It was a potion of curing.
You feel better. The ogre hits you with a +0 giant club!
* * * LOW HITPOINT WARNING * * *
Found 14 gold pieces.
Sorry, you're not good enough to have a special ability.
There are no items here.
Found a mace.
Found a runed translucent door.
Press: ? - help, v - describe, . - travel
Here: an ogre, wielding a +0 giant club (almost dead, poisoned)
The floor.
Casting: Sting (safe; 3% risk of failure)
Confirm with . or Enter, or press ? or * to list all spells.
Aiming: Poisonous Vapours (safe; 8% risk of failure)
Press: ? - help, Dir - move target, f/p - ogre
Aim: an ogre, wielding a +0 giant club (almost dead, poisoned) Poisonous vapours surround the ogre!
The ogre looks even sicker.
You kill the ogre!
Your Poison Magic skill increases to level 5!
You have reached level 5!
Casting: Poisonous Vapours (safe; 6% risk of failure)
Confirm with . or Enter, or press ? or * to list all spells.
Aiming: Poisonous Vapours (safe; 6% risk of failure)
Press: ? - help, Dir - move target, f - adder
Aim: an adder Poisonous vapours surround the adder!
The adder is poisoned.
The adder bites you.
You die...

### ♣♣#### #)..#♣
♣♣..#.##
#g..+.♣♣♣♣......#
♣@S♣.S.....##
♣♣♣)♣...#...##
♣♣♣♣♣##....#####
#.........
#....#####
........$
#.....#####
##...## ####


You could see Crazy Yiuf (asleep) and an adder (poisoned).

Vanquished Creatures
  An ogre (D:5)
  5 adders
  3 dart slugs
  An orc (D:3)
  4 endoplasms
  9 goblins
  5 hobgoblins
  12 jackals
  6 kobolds
  4 quokkas
  7 ball pythons
  4 bats
  3 frilled lizards
  2 rats
66 creatures vanquished.

Notes
Turn   | Place    | Note
-------+----------+-------------------------------------------
     0 | D:1      | ZappyNine the Deep Elf Venom Mage began the quest for the
                  | Orb.
     0 | D:1      | Reached XP level 1. HP: 10/10 MP: 6/6
   292 | D:1      | Reached XP level 2. HP: 15/15 MP: 6/8
   313 | D:1      | Learned a level 2 spell: Poisonous Vapours
  1249 | D:1      | Reached XP level 3. HP: 11/19 MP: 0/9
  2102 | D:2      | Found a glowing golden altar of the Shining One.
  2337 | D:2      | Reached XP level 4. HP: 21/24 MP: 4/11
  2541 | D:2      | Learned a level 4 spell: Olgreb's Toxic Radiance
  2586 | D:2      | Reached skill level 4 in Poison Magic
  2768 | D:3      | Noticed Grinder
  3211 | D:3      | You fall into a shaft and drop 2 floors!
  3211 | D:5      | Entered Level 5 of the Dungeon
  3211 | D:5      | Noticed an ogre
  3220 | D:5      | HP: 1/24 [ogre/+0 giant club (23)]
  3236 | D:5      | HP: 1/24 [ogre/+0 giant club (9)]
  3246 | D:5      | Found a runed translucent door.
  3247 | D:5      | Noticed Crazy Yiuf
  3248 | D:5      | Killed an ogre
  3249 | D:5      | Reached skill level 5 in Poison Magic
  3249 | D:5      | Reached XP level 5. HP: 2/28 MP: 5/12
  3250 | D:5      | Slain by an adder

Illustrated notes

Levels and vault maps discovered:
D:1:      dpeg_arrival_morbid_curiosity, layout_basic
D:2:      layout_basic, basic_altar, minmay_pentomino_q2
D:3:      layout_rooms, palyth_stone_intersect, uniq_grinder
D:5:      layout_loops_ring, portal_sewer_entry_b, nicolae_grassy_gnolls,
          uniq_crazy_yiuf_cottage, uniq_menkaure

Skill      XL: |  1  2  3  4 |
---------------+-------------+-----
Dodging        | 3 |  3.2
Stealth        | 3 |  3.2
Transmutations | 2 |  2.1
Poison Magic   | 5 |  5.6
Spellcasting   | |  3.8

Action                   |  1- 3 |  4- 6 || total
-------------------------+-------+-------++-------
Melee: Unarmed           |     2 |       ||     2
       Mace              |    89 |    42 ||   131
 Cast: Sting             |    27 |     5 ||    32
       Poisonous Vapours |    26 |    30 ||    56
  Use: Potion            |       |     2 ||     2
 Stab: Sleeping          |     4 |       ||     4
Armor: Robe              |    51 |    21 ||    72
Dodge: Dodged            |   110 |    64 ||   174
